 Dungeon Crawl Stone Soup version 0.30.1 (webtiles) character file.

Game seed: 801396927264067972

537 Fodor the Covered (level 7, -1/61 HPs)
             Began as a Minotaur Fighter on July 4, 2023.
             Slain by a lemure (3 damage)
             ... led by Pikel
             ... on level 4 of the Dungeon.
             The game lasted 00:14:24 (3357 turns).

Fodor the Covered (Minotaur Fighter)                Turns: 3357, Time: 00:14:25

Health: -1/61      AC:  7    Str: 23    XL:     7   Next: 5%
Magic:  6/6        EV: 15    Int:  5    God:
Gold:   248        SH:  4    Dex:  9    Spells: 6/6 levels left

rFire   . . .        r - +3 club (spect)
rCold   . . .        c - +0 buckler
rNeg    . . .        b - +0 scale mail
rPois   .            (helmet restricted)
rElec   .            (no cloak)
rCorr   .            (no gloves)
SInv    .            (no boots)
Will    .....        f - amulet of the acrobat Stlth
                     i - +5 ring of evasion
HPRegen 0.30/turn    (no ring)
MPRegen 0.10/turn

%: acrobat
@: no status effects
A: horns 2, retaliatory headbutt
a: no special abilities


You were on level 4 of the Dungeon.
You visited 1 branch of the dungeon, and saw 4 of its levels.

You collected 248 gold pieces.

Inventory:

Hand Weapons
 a - a +0 long sword of venom
 r - a +3 spectral club (weapon)
Missiles
 k - 6 throwing nets (quivered)
Armour
 b - a +0 scale mail (worn)
 c - a +0 buckler (worn)
Jewellery
 f - an amulet of the acrobat (around neck)
 i - a +5 ring of evasion (left hand)
Scrolls
 e - a scroll of identify
 g - a scroll of poison {unknown}
 j - 4 scrolls of magic mapping
 l - a scroll of enchant armour {unknown}
 m - a scroll of amnesia
 n - a scroll of immolation {unknown}
 p - a scroll of fear {unknown}
 q - a scroll of acquirement {unknown}
Potions
 d - a potion of might
 h - 2 potions of magic
 o - a potion of brilliance {unknown}


   Skills:
 + Level 5.1 Fighting
 + Level 4.9 Long Blades
 + Level 0.3 Maces & Flails
 + Level 6.0 Armour
 + Level 3.0 Dodging
 + Level 0.1 Stealth
 + Level 4.9 Shields


You had 6 spell levels left.
You didn't know any spells.
Your spell library contained the following spells:

 Spells                   Type           Power      Damage    Failure   Level
 Summon Small Mammal      Summ           0%         N/A       83%         1
 Call Canine Familiar     Summ           0%         N/A       99%         3
 Summon Guardian Golem    Hex/Summ       0%         N/A       99%         3


Dungeon Overview and Level Annotations

Branches:
Dungeon (4/15)
 Temple: D:4-7

Altars:

Annotations:
D:4 Pikel


Innate Abilities, Weirdness & Mutations

You have a pair of horns on your head.
You reflexively headbutt those who attack you in melee.


Message History

Pikel says, "You'll rot in Tartarus!"
Pikel zaps a wand.
The puff of flame hits you. The lemure hits you but does no damage.
The lemure barely misses you.
The lemure hits your +3 spectral club!
Your spectral weapon shares its damage with you!
The lemure hits you.
Pikel scowls and wipes his hands on his robe.
Pikel barely misses you. You furiously retaliate!
You headbutt Pikel, but do no damage. You block the lemure's attack.
The lemure hits you but does no damage.
You hit Pikel. Your headbutt misses Pikel.
Pikel is lightly wounded.
Your +3 spectral club barely misses Pikel.
The lemure closely misses you. You furiously retaliate!
You headbutt the lemure!
Pikel zaps a wand.
The puff of flame hits you. The lemure hits you. You block the lemure's attack.
The lemure barely misses you.
You hit Pikel. Your headbutt misses Pikel.
Pikel is lightly wounded.
Your +3 spectral club hits Pikel.
Pikel zaps a wand.
The puff of flame hits you! You block the lemure's attack.
The lemure misses you. You furiously retaliate!
You headbutt the lemure!
The lemure hits you. x2; The lemure misses you.
You furiously retaliate!
You headbutt the lemure.
The lemure misses you. x2; You furiously retaliate!
You headbutt the lemure! Pikel waves his whip at you.
Pikel zaps a wand.
The puff of flame hits you but does no damage.
The lemure hits you.
* * * LOW HITPOINT WARNING * * *
You miss Pikel. Your headbutt misses Pikel.
Pikel is moderately wounded.
Your +3 spectral club hits Pikel.
You block the lemure's attack. The lemure hits you but does no damage.
The lemure barely misses you.
Pikel hits you with a +1 whip of freezing!
* * * LOW HITPOINT WARNING * * *
Pikel freezes you.
* * * LOW HITPOINT WARNING * * *
The lemure hits you.
You die...

.......
.......
..)....
.......
.......###+##
#....<....#
#.........#
#.<.......#
#......5@5#
#......5K5#
#.......(.#
####.>....#
#......#
#......#
#......#
#......#


You could see Pikel, 4 lemures and a friendly +3 spectral club.

Vanquished Creatures
  Grinder (D:4)
  A gnoll bouda (D:3)
  Jessica (D:3)
  10 gnolls
  7 adders
  5 worms
  4 dart slugs
  9 orcs
  7 ball pythons
  9 bats
  2 endoplasms
  2 giant cockroaches
  4 goblins
  12 hobgoblins
  4 jackals (D:1)
  6 kobolds
  4 quokkas
  4 frilled lizards
  5 rats
97 creatures vanquished.

Notes
Turn   | Place    | Note
-------+----------+-------------------------------------------
     0 | D:1      | Fodor the Minotaur Fighter began the quest for the Orb.
     0 | D:1      | Reached XP level 1. HP: 19/19 MP: 0/0
   460 | D:1      | Reached XP level 2. HP: 17/27 MP: 1/1
   517 | D:1      | Reached skill level 4 in Armour
   638 | D:1      | Reached XP level 3. HP: 33/33 MP: 2/2
  1333 | D:2      | Reached XP level 4. HP: 29/40 MP: 3/3
  1803 | D:2      | Reached skill level 1 in Dodging
  1950 | D:2      | Reached XP level 5. HP: 47/47 MP: 4/4
  2767 | D:3      | Reached XP level 6. HP: 39/55 MP: 5/5
  2838 | D:3      | Reached skill level 5 in Armour
  3018 | D:3      | Found a faded altar of an unknown god.
  3189 | D:3      | Noticed Jessica
  3196 | D:3      | Killed Jessica
  3298 | D:3      | Reached skill level 5 in Fighting
  3344 | D:4      | Noticed Grinder
  3346 | D:4      | Noticed Pikel
  3353 | D:4      | Killed Grinder
  3354 | D:4      | Reached skill level 6 in Armour
  3354 | D:4      | Reached XP level 7. HP: 52/61 MP: 6/6
  3357 | D:4      | HP: 2/61 [Pikel/+1 whip of freezing (5)]
  3357 | D:4      | Slain by a lemure

Illustrated notes

Levels and vault maps discovered:
D:1:      dpeg_arrival_snail, layout_basic
D:2:      minmay_thinvault, layout_basic
D:3:      layout_rooms, hellmonk_ecumenical_altar_crossroads,
          kennysheep_jessica_study
D:4:      layout_gridville, temple_statues, hangedman_decor_growths,
          st_stairs_1, uniq_pikel, uniq_grinder, uniq_sigmund

Skill      XL: |  1  2  3  4  5  6 |
---------------+-------------------+-----
Fighting       | 4 5 |  5.1
Shields        | 4 |  4.9
Armour         | 4 6 |  6.0
Long Blades    | 3 4 |  4.9
Dodging        | 1 2 3 |  3.0
Maces & Flails | |  0.3
Stealth        | |  0.1

Action                     |  1- 3 |  4- 6 |  7- 9 || total
---------------------------+-------+-------+-------++-------
  Melee: Long sword        |    63 |   131 |       ||   194
         Headbutt          |     6 |    23 |       ||    29
         Club              |       |    15 |     4 ||    19
    Use: Potion            |       |     4 |       ||     4
         Scroll            |       |     3 |       ||     3
 Armour: Scale mail        |    29 |    69 |     4 ||   102
  Dodge: Dodged            |    64 |   221 |     9 ||   294
  Block: Buckler           |    24 |    61 |     4 ||    89
